 Dungeon Crawl Stone Soup version 0.18.1-6-gd335043 (webtiles) character file.

24 epen the Firebug (level 3, -4/21 HPs)
             Began as an Octopode Fire Elementalist on May 20, 2016.
             Slain by a worm (10 damage)
             ... on level 1 of the Dungeon.
             The game lasted 00:01:13 (876 turns).

epen the Firebug (Octopode Fire Elementalist)        Turns: 876, Time: 00:01:13

Health: -4/21      AC:  1    Str:  7    XL:     3   Next: 2%
Magic:  5/6        EV: 12    Int: 18    God:
Gold:   25         SH:  0    Dex: 12    Spells: 1 memorised, 5 levels left

rFire  . . .     SeeInvis .     (no weapon)
rCold  . . .     Gourm    .     (no shield)
rNeg   . . .     Faith    .     (helmet restricted)
rPois  .         Spirit   .     (no amulet)
rElec  .         Dismiss  .     g - ring of resist corrosion
rCorr  +         Reflect  .     k - ring of loudness (curse)
SustAt .         Harm     .     (no ring)
MR     .....                    (no ring)
Stlth  ++........               (no ring)
                                (no ring)
                                (no ring)
                                (no ring)

@: not resistant to hostile enchantments, unstealthy
A: almost no armour, amphibious, 8 rings, constrict 8, camouflage 1, gelatinous
body 1
a: no special abilities


You were on level 1 of the Dungeon.
You were not hungry.

You visited 1 branch of the dungeon, and saw 2 of its levels.

You collected 25 gold pieces.

Inventory:

Jewellery
 g - a ring of resist corrosion (left tentacle)
 k - a cursed ring of loudness (right tentacle)
Scrolls
 c - a scroll of magic mapping {unknown}
 h - a scroll of blinking {unknown}
 j - 3 scrolls of identify {unknown}
Potions
 e - a potion of degeneration {unknown}
 i - a potion of might {unknown}
Books
 a - a book of Flames

   Spells                             Type                      Level
   a - Flame Tongue                   Conjuration/Fire             1
   b - Throw Flame                    Conjuration/Fire             2
   c - Conjure Flame                  Conjuration/Fire             3
   d - Inner Flame                    Hexes/Fire                   3
   e - Sticky Flame                   Conjuration/Fire             4
   f - Fireball                       Conjuration/Fire             5
Comestibles
 b - a bread ration
 d - 2 meat rations
 f - 9 fruits


   Skills:
 + Level 2.2 Dodging
 + Level 3.0 Stealth
 + Level 0.6 Unarmed Combat
 + Level 2.0 Spellcasting
 * Level 1.6 Conjurations
 * Level 3.3 Fire Magic


You had 5 spell levels left.
You knew the following spells:

 Your Spells              Type           Power        Failure   Level  Hunger
a - Flame Tongue          Conj/Fire      ##...        10%         1    #......


Dungeon Overview and Level Annotations

Branches:
Dungeon (2/15)

Altars:

Portals:
Abyss: D:1***


Innate Abilities, Weirdness & Mutations

You cannot wear most types of armour.
You are amphibious.
You can wear up to eight rings at the same time.
You can use your tentacles to constrict eight enemies at once.
Your skin changes colour to match your surroundings (Stealth).
Your rubbery body absorbs attacks (AC +1).


Message History

You constrict the worm. The worm bites you!
Ouch! That really hurt!
You tentacle-slap the worm.
The worm is lightly wounded.
You constrict the worm. You tentacle-slap the worm.
The worm is heavily wounded.
You constrict the worm. The worm bites you.
* * * LOW HITPOINT WARNING * * *
You are too injured to fight recklessly!
You are too injured to fight recklessly!
Casting: Flame Tongue
Confirm with . or Enter, or press ? or * to list all spells.
Aiming: Flame Tongue
Press: ? - help, Shift-Dir - straight line, f - worm
Aim: a worm (heavily wounded, constricted by you)
The flame tongue hits the worm.
The worm is severely wounded.
You constrict the worm. The worm bites you!
You die...

#..##.......#.###########
♣♣#.....###.#.#.#
..'..†..###.#.#.###
♣♣####..).........####
##.#............#
#.#..#......####
#......>....#
#######.........##
##.......#####..@#
#..####### #.w.# #.##
#...# ..# ##### .## ## #


You could see a worm.

Vanquished Creatures
  3 dart slugs (D:1)
  A giant gecko (D:1)
  A giant cockroach (D:1)
  3 hobgoblins (D:1)
  5 kobolds (D:1)
  2 bats (D:1)
  A giant newt (D:1)
  A rat (D:1)
17 creatures vanquished.

Notes
Turn   | Place    | Note
--------------------------------------------------------------
     0 | D:1      | epen the Octopode Fire Elementalist began the quest for the Orb.
     0 | D:1      | Reached XP level 1. HP: 11/11 MP: 3/3
    32 | D:1      | Reached XP level 2. HP: 15/17 MP: 5/5
   675 | D:1      | Reached XP level 3. HP: 21/21 MP: 6/6
   876 | D:1      | Slain by a worm

Skill      XL: |  1  2 |
---------------+-------+-----
Stealth        | 3 |  3.0
Dodging        | |  2.2
Unarmed Combat | |  0.6
Spellcasting   | |  2.0
Conjurations   | |  1.6
Fire Magic     | |  3.3

Action                   || total
-------------------------++-------
Melee: Unarmed           ||    47
       Constrict         ||    14
       Tentacles         ||     6
       Punch             ||     1
 Cast: Flame Tongue      ||     6
 Stab: Sleeping          ||     8
Armor: Skin              ||     4
Dodge: Dodged            ||    22
